 Dungeon Crawl Stone Soup version 0.26.1-11-gd32895ea62 (webtiles) character file.

Game seed: 13894341505270969384

13090 Saba the Fighter (level 12, -1/77 HPs)
             Began as a Gargoyle Hunter on July 6, 2021.
             Was the Champion of Okawaru.
             Slain by a boulder beetle (12 damage)
             ... on level 11 of the Dungeon.
             The game lasted 00:32:15 (14807 turns).

Saba the Fighter (Gargoyle Hunter)                 Turns: 14807, Time: 00:32:15

Health: -1/77      AC: 27    Str: 27    XL:     12   Next: 2%
Magic:  12/12      EV: 13    Int: 11    God:    Okawaru [******]
Gold:   484        SH: 11    Dex: 11    Spells: 11/11 levels left

rFire    . . .     SeeInvis .   D - +2 flail (protect)
rCold    . . .     Faith    +   I - +0 kite shield
rNeg     + . .     Spirit   .   N - +0 acid dragon scales
rPois    ∞         Reflect  .   q - +2 hat {Will+}
rElec    +         Harm     +   E - scarf {harm}
rCorr    +         Rampage  .   M - +0 pair of gloves
Will     +....                  (no boots)
Stlth    +.........             B - amulet of faith
HPRegen  0.22/turn              c - ring of resist corrosion
MPRegen  0.13/turn              s - +6 ring of strength

@: protection aura
A: negative energy resistance 1, electricity resistance, unbreathing,
petrification resistance, miasma immunity, AC +8
a: Renounce Religion, Heroism, Finesse


You were on level 11 of the Dungeon.
You worshipped Okawaru.
Okawaru was exalted by your worship.
You visited 2 branches of the dungeon, and saw 12 of its levels.

You collected 504 gold pieces.
You spent 20 gold pieces at shops.

Inventory:

Hand Weapons
 a - a +1 hand crossbow
 D - a +2 flail of protection (weapon)
 J - a +5 battleaxe
Missiles
 d - 300 bolts
Armour
 q - a +2 hat of willpower (worn)
 E - a scarf of harm (worn)
 I - a +0 kite shield (worn)
 M - a +0 pair of gloves (worn)
 N - +0 acid dragon scales (worn)
 O - a +0 tower shield
 P - a +2 robe of the Archmagi
Jewellery
 c - a ring of resist corrosion (left hand)
 l - an uncursed amulet of guardian spirit
 s - a +6 ring of strength (right hand)
 B - an amulet of faith (around neck)
Wands
 i - a wand of flame (33)
 z - a wand of paralysis (6)
Scrolls
 b - 3 scrolls of blinking {unknown}
 g - 3 scrolls of enchant armour
 m - 16 scrolls of identify
 n - 2 scrolls of fear
 r - 7 scrolls of teleportation
 u - 4 scrolls of immolation {unknown}
 v - a scroll of fog {unknown}
 y - 3 scrolls of remove curse
 F - a scroll of brand weapon {unknown}
 K - a scroll of magic mapping {unknown}
Potions
 e - 5 potions of cancellation
 f - 4 potions of flight
 j - 3 potions of brilliance
 k - a potion of might
 o - a potion of mutation {unknown}
 p - 3 potions of invisibility
 t - 3 potions of lignification
 A - 3 potions of degeneration
 H - 2 potions of berserk rage {unknown}
 L - a potion of attraction {unknown}
Miscellaneous
 h - a phantom mirror
 G - a lightning rod (1/4)


   Skills:
 + Level 10.1 Fighting
 + Level 9.9 Crossbows
 + Level 9.8 Armour
 + Level 7.7 Dodging
 - Level 1.1 Stealth
 + Level 6.9 Shields


You had 11 spell levels left.
You didn't know any spells.
Your spell library contained the following spells:

 Spells                   Type           Power        Failure   Level
 Beastly Appendage        Tmut           0%           75%         1
 Corona                   Hex            0%           75%         1
 Ensorcelled Hibernation  Hex/Ice        0%           87%         2
 Wereblood                Tmut           0%           87%         2
 Confusing Touch          Hex            0%           98%         3
 Dazzling Flash           Conj/Hex       0%           98%         3
 Spider Form              Tmut/Pois      0%           98%         3
 Tukima's Dance           Hex            0%           98%         3
 Ice Form                 Ice/Tmut       0%           100%        4
 Blade Hands              Tmut           0%           100%        5


Dungeon Overview and Level Annotations

Branches:
Dungeon (11/15)            Temple (1/1) D:5             Orc (0/2) D:9
   Lair: D:8-11

Altars:
Ashenzari
Cheibriados
Dithmenos
Elyvilon
Fedhas
Gozag
Hepliaklqana
Kikubaaqudgha
Makhleb
Nemelex Xobeh
Okawaru
Qazlal
Ru
Sif Muna
Trog
Uskayaw
Vehumet
Wu Jian
Xom
Yredelemnul
Zin
The Shining One

Shops:
D:5 [   D:6 [   D:9 =   D:11 [


Innate Abilities, Weirdness & Mutations

You are resistant to torment.
Your stone body is resilient. (AC +8)
You are immune to poison.
You resist negative energy. (rN+)
You are resistant to electric shocks. (rElec)
You can survive without breathing.
You are immune to petrification.
You are immune to miasma.


Message History

The boulder beetle bites you but does no damage.
You hit the boulder beetle.
The boulder beetle is heavily wounded.
The boulder beetle bites you but does no damage.
You block the boulder beetle's attack.
You hit the boulder beetle.
The boulder beetle is heavily wounded.
The boulder beetle bites you!
You thump the boulder beetle!
The boulder beetle is severely wounded.
The boulder beetle bites you but does no damage. x2
You hit the boulder beetle.
The boulder beetle is severely wounded.
You block the boulder beetle's attack.
You hit the boulder beetle but do no damage.
The boulder beetle is severely wounded.
The boulder beetle barely misses you. The boulder beetle bites you!!
* * * LOW HITPOINT WARNING * * *
You feel better. The boulder beetle bites you!
You die...

#.. #†# #.# #.# # ##
#'######## #####.### #.
#.........######........
+.
#.#####.###..)((........
#.
#.#...#...#B####(.......
#.###.#.###.#.@.#
#......}.
#.#...#.#...#.###
#...>....
#.#.###.#####.#
#.$......
#.....#(...().#
#........
###.....#######
#########
##.############
#.............# ###
#.............# #..
#.............# #.#


You could see a boulder beetle.

Vanquished Creatures
  Gastronok (D:10)
  Erolcha (D:10)
  A centaur warrior (D:11)
  2 two-headed ogres
  Nergalle (D:10)
  2 unseen horrors
  Pikel (D:8)
  A gargoyle (D:11)
  A troll (D:11)
  2 hornets (D:11)
  3 wyverns
  2 water moccasins
  An ice beast (D:5)
  4 orc warriors
  A phantom (D:9)
  3 sky beasts
  4 ogres
  4 centaurs
  6 bullfrogs
  2 big kobolds (D:11)
  A wyvern zombie (D:11)
  A water moccasin zombie (D:8)
  2 gnoll sergeants
  6 scorpions
  11 killer bees (D:9)
  12 wights
  3 howler monkeys
  2 centaur zombies
  A quasit (D:10)
  2 centaur skeletons (D:8)
  7 hounds
  A bullfrog skeleton (D:8)
  A bullfrog zombie (D:6)
  5 jellies
  3 orc priests (D:9)
  14 orc wizards
  Jessica (D:3)
  Ijyb (D:5)
  8 worker ants
  3 hound zombies
  12 gnolls
  A worker ant zombie (D:10)
  16 adders
  A shadow imp (D:10)
  3 white imps
  7 ufetubi
  An ooze (D:1)
  An adder zombie (D:8)
  3 adder skeletons
  5 worms
  4 dart slugs
  9 leopard geckos
  47 orcs
  5 bats
  7 giant cockroaches
  20 goblins
  12 hobgoblins
  11 jackals
  19 kobolds
  3 quokkas
  5 ball pythons
  4 frilled lizards
  A jackal skeleton (D:5)
  2 jackal zombies
  7 rats
334 creatures vanquished.

Notes
Turn   | Place    | Note
-------+----------+-------------------------------------------
     0 | D:1      | Saba the Gargoyle Hunter began the quest for the Orb.
     0 | D:1      | Reached XP level 1. HP: 12/12 MP: 1/1
   416 | D:1      | Reached XP level 2. HP: 4/18 MP: 2/2
   714 | D:1      | Reached skill level 1 in Armour
   799 | D:1      | Reached XP level 3. HP: 19/22 MP: 3/3
  1304 | D:2      | Found a hide-covered altar of Uskayaw.
  1318 | D:2      | Found a broken altar of Ashenzari.
  1380 | D:2      | Reached XP level 4. HP: 27/27 MP: 4/4
  1504 | D:2      | Reached skill level 3 in Fighting
  1598 | D:2      | Found a glowing silver altar of Zin.
  1655 | D:2      | Found a white marble altar of Elyvilon.
  2355 | D:3      | Reached XP level 5. HP: 28/32 MP: 5/5
  2732 | D:3      | Noticed Jessica
  2753 | D:3      | Killed Jessica
  3690 | D:4      | Reached XP level 6. HP: 7/38 MP: 1/6
  4061 | D:4      | Reached skill level 5 in Crossbows
  4179 | D:3      | Reached skill level 4 in Fighting
  4684 | D:4      | Found a basalt altar of Yredelemnul.
  4707 | D:4      | Found a sacrificial altar of Ru.
  4775 | D:5      | Entered Level 5 of the Dungeon
  4775 | D:5      | Noticed Ijyb
  4797 | D:5      | Killed Ijyb
  4995 | D:5      | Noticed an ice beast
  5008 | D:5      | Killed an ice beast
  5009 | D:5      | Reached XP level 7. HP: 29/44 MP: 7/7
  5664 | D:5      | Found a staircase to the Ecumenical Temple.
  5675 | D:5      | Reached skill level 5 in Fighting
  5676 | Temple   | Entered the Ecumenical Temple
  5798 | Temple   | Became a worshipper of Warmaster Okawaru
  5907 | D:5      | Found Taxaeloa's Antique Armour Shop.
  6295 | D:6      | Reached XP level 8. HP: 45/49 MP: 8/8
  6358 | D:6      | Reached * piety under Okawaru
  6416 | D:6      | Reached skill level 5 in Armour
  6533 | D:6      | Found Cunod's Antique Armour Emporium.
  6544 | D:6      | Found a snail-covered altar of Cheibriados.
  7399 | D:6      | Reached skill level 6 in Fighting
  7618 | D:7      | Reached ** piety under Okawaru
  7703 | D:7      | Reached XP level 9. HP: 53/56 MP: 9/9
  8018 | D:7      | Reached skill level 5 in Dodging
  8562 | D:8      | Reached *** piety under Okawaru
  8563 | D:8      | Reached skill level 7 in Fighting
  8724 | D:8      | Received a gift from Okawaru
  8788 | D:8      | Noticed a two-headed ogre
  8800 | D:8      | Killed a two-headed ogre
  8921 | D:8      | Noticed Pikel
  8934 | D:8      | Killed Pikel
  8934 | D:8      | Reached **** piety under Okawaru
  8935 | D:8      | Reached XP level 10. HP: 64/64 MP: 10/10
  9021 | D:8      | Reached skill level 8 in Fighting
  9663 | D:9      | Found Toitot's Jewellery Shop.
  9694 | D:9      | Received a gift from Okawaru
  9856 | D:9      | Bought a cursed -4 ring of dexterity for 20 gold pieces
 10500 | D:9      | Reached ***** piety under Okawaru
 10581 | D:9      | Received a gift from Okawaru
 10898 | D:9      | Found a stormy altar of Qazlal.
 10903 | D:9      | Found an ancient bone altar of Kikubaaqudgha.
 11139 | D:9      | Found a staircase to the Orcish Mines.
 11180 | D:10     | Entered Level 10 of the Dungeon
 11273 | D:10     | Noticed a two-headed ogre
 11285 | D:10     | Killed a two-headed ogre
 11286 | D:10     | Reached skill level 9 in Fighting
 11286 | D:10     | Reached skill level 5 in Shields
 11286 | D:10     | Reached XP level 11. HP: 27/71 MP: 11/11
 11668 | D:10     | Killed an unseen horror
 11668 | D:10     | Received a gift from Okawaru
 12065 | D:10     | Noticed Nergalle
 12297 | D:10     | Received a gift from Okawaru
 12559 | D:10     | Noticed Gastronok
 12899 | D:10     | Killed Gastronok
 12899 | D:10     | Received a gift from Okawaru
 12899 | D:10     | Received a gift from Okawaru
 13159 | D:10     | Noticed Erolcha
 13175 | D:10     | Killed Erolcha
 13175 | D:10     | Received a gift from Okawaru
 13643 | D:10     | Noticed a spectral orc warlord
 13662 | D:10     | Killed Nergalle
 13662 | D:10     | Received a gift from Okawaru
 14057 | D:11     | Found Reoluow's Armour Emporium.
 14559 | D:11     | Noticed a centaur warrior
 14579 | D:11     | Killed an unseen horror
 14591 | D:11     | Reached skill level 10 in Fighting
 14615 | D:11     | Killed a centaur warrior
 14615 | D:11     | Reached ****** piety under Okawaru
 14616 | D:11     | Reached XP level 12. HP: 46/77 MP: 12/12
 14754 | D:11     | Noticed a boulder beetle
 14807 | D:11     | Slain by a boulder beetle

Illustrated notes

Levels and vault maps discovered:
D:1:      minmay_arrival_loop, layout_rooms
D:2:      layout_loops_ring, lemuel_round_altar, elyvilon_altar_3,
          amethyst_overflow_temple_binary
D:3:      layout_loops_ring, uniq_jessica
D:4:      layout_cave_pools, kennysheep_mini_moat, nicolae_ru_path_of_blood
D:5:      layout_gridville, minmay_temple_entry_arrows, serial_shops,
          nicolae_shop_overgrown_old_shop, minmay_ogre_servants, uniq_ijyb
D:6:      layout_basic, cheibriados_altar_1, gup_sewer_entry_spiral,
          serial_shops, nicolae_shop_competitors_out_of_business
D:7:      layout_basic
D:8:      layout_basic, minmay_checkerbox, uniq_pikel
D:9:      layout_long_grid, gammafunk_temple_overflow_statue, orc_0_dummy,
          serial_shops, shop, st_stairs_9
D:10:     layout_stronghold, uniq_erolcha, uniq_nergalle, uniq_gastronok
D:11:     layout_roguey, lair_entry_dummy, serial_shops, shop, nooodl_orcs_dogs
Temple:   cyrus_circular_temple

Skill      XL: |  1  2  3  4  5  6  7  8  9 10 11 |
---------------+----------------------------------+-----
Armour         | 1 2 3 4 5 7 8 9 |  9.8
Dodging        | 2 3 4 6 7 |  7.7
Fighting       | 3 4 5 6 7 9 10 | 10.1
Crossbows      | 5 6 8 9 |  9.9
Shields        | 2 5 6 |  6.9
Stealth        | |  1.1

Action                   |  1- 3 |  4- 6 |  7- 9 | 10-12 || total
-------------------------+-------+-------+-------+-------++-------
Melee: Short sword       |   192 |   332 |       |       ||   524
       Hand axe          |       |   103 |   163 |       ||   266
       Flail             |       |       |   355 |   714 ||  1069
 Fire: Hand crossbow     |       |       |     4 |    81 ||    85
Evoke: Lightning rod     |       |       |     2 |     4 ||     6
       Wand              |       |       |       |     5 ||     5
  Use: Scroll            |       |     7 |     1 |     1 ||     9
       Potion            |       |       |       |    11 ||    11
Armor: Leather armour    |    19 |   126 |       |       ||   145
       Chain mail        |   116 |       |       |       ||   116
       Scale mail        |       |   119 |   417 |   345 ||   881
       Acid dragon scale |       |       |       |   249 ||   249
       Skin              |       |       |       |     2 ||     2
Dodge: Dodged            |    87 |   331 |   378 |   548 ||  1344
Block: Kite shield       |       |       |    13 |   611 ||   624
